 Dungeon Crawl Stone Soup version 0.20.1-1-g8b1a95d (webtiles) character file.

12676 equalderp2856 the Cleaver (level 11, -13/100 HPs)
             Began as a Minotaur Fighter on Oct 19, 2017.
             Mangled by a white ugly thing (35 damage)
             ... in an ice cave.
             The game lasted 00:44:29 (13784 turns).

equalderp2856 the Cleaver (Minotaur Fighter)       Turns: 13784, Time: 00:44:29

Health: -13/100    AC: 18    Str: 25    XL:     11   Next: 65%
Magic:  10/10      EV:  7    Int:  6    God:
Gold:   137        SH: 13    Dex: 13    Spells: 5/10 levels left

rFire    . . .     SeeInvis +   a - +0 war axe
rCold    . . .     Gourm    .   c - +0 shield
rNeg     . . .     Faith    .   v - +0 plate armour
rPois    .         Spirit   .   (helmet restricted)
rElec    .         Reflect  .   F - +2 cloak
rCorr    .         Harm     .   (no gloves)
MR       .....                  (no boots)
Stlth    ..........             (no amulet)
Regen    0.3/turn               (no ring)
MPRegen  0.2/turn               x - ring of see invisible

@: mighty
A: retaliatory headbutt, horns 2
a: no special abilities


You were in an ice cave.
You were not hungry.

You visited 2 branches of the dungeon, and saw 12 of its levels.
You also visited: Sewer and Ice Cave.

You collected 762 gold pieces.
You spent 625 gold pieces at shops.

Inventory:

Hand Weapons
 a - a +0 war axe (weapon)
 T - a +0 trident
Armour
 c - a +0 shield (worn)
 q - a +3 ring mail
 v - a +0 plate armour (worn)
 w - a +0 cloak
 F - a +2 cloak (worn)
Jewellery
 n - an uncursed ring of ice
 x - a ring of see invisible (right hand)
 R - an uncursed amulet of harm {unknown}
Wands
 K - a wand of polymorph (7/24)
 U - a wand of iceblast (5/15)
Scrolls
 g - 4 scrolls of fog
 h - 10 scrolls of teleportation
 i - 6 scrolls of remove curse
 l - 2 scrolls of blinking
 y - a scroll of noise
 A - a scroll of acquirement
 C - 2 scrolls of enchant armour
 E - 3 scrolls of fear
 G - a scroll of enchant weapon
Potions
 d - a potion of might
 e - 5 potions of flight
 j - 2 potions of curing
 k - 2 potions of heal wounds
 t - a potion of resistance {unknown}
 u - 4 potions of lignification {unknown}
 B - a potion of berserk rage {unknown}
 D - 2 potions of magic {unknown}
 I - 5 potions of agility {unknown}
 N - a potion of cancellation {unknown}
Books
 r - a book of Unlife

   Spells                             Type                      Level
   a - Recall                         Summoning/Translocation      3
   b - Animate Dead                   Necromancy                   4
   c - Control Undead                 Necromancy                   4
   d - Cigotuvi's Embrace             Necromancy                   5
   e - Death Channel                  Necromancy                   6
   f - Simulacrum                     Ice/Necromancy               6
 H - a book of Necromancy

   Spells                             Type                      Level
   a - Pain                           Necromancy                   1
   b - Animate Skeleton               Necromancy                   1
   c - Vampiric Draining              Necromancy                   3
   d - Regeneration                   Charms/Necromancy            3
   e - Animate Dead                   Necromancy                   4
   f - Control Undead                 Necromancy                   4
 O - a book of Minor Magic

   Spells                             Type                      Level
   a - Magic Dart                     Conjuration                  1
   b - Blink                          Translocation                2
   c - Call Imp                       Summoning                    2
   d - Slow                           Hexes                        2
   e - Conjure Flame                  Conjuration/Fire             3
   f - Mephitic Cloud                 Conjuration/Poison/Air       3
 Q - a book of Maledictions

   Spells                             Type                      Level
   a - Corona                         Hexes                        1
   b - Ensorcelled Hibernation        Hexes/Ice                    2
   c - Confuse                        Hexes                        3
   d - Tukima's Dance                 Hexes                        3
   e - Dazzling Spray                 Conjuration/Hexes            3
 V - a book of Conjurations

   Spells                             Type                      Level
   a - Magic Dart                     Conjuration                  1
   b - Searing Ray                    Conjuration                  2
   c - Dazzling Spray                 Conjuration/Hexes            3
   d - Fulminant Prism                Conjuration/Hexes            4
   e - Force Lance                    Conjuration/Translocation    4
   f - Iskenderun's Mystic Blast      Conjuration                  4
Comestibles
 f - 7 bread rations
 z - a meat ration
 M - 2 royal jellies


   Skills:
 + Level 10.2 Fighting
 + Level 13.2 Axes
 + Level 11.2 Armour
 + Level 1.6 Dodging
 + Level 1.5 Stealth
 + Level 11.0 Shields
 + Level 0.5 Evocations


You had 5 spell levels left.
You knew the following spells:

 Your Spells              Type           Power        Failure   Level  Hunger
a - Regeneration          Chrm/Necr      #.........   100%        3    ####...
b - Blink                 Tloc           N/A          100%        2    ###....


Dungeon Overview and Level Annotations

Branches:
Dungeon (11/15)            Temple (0/1) D:6            Lair (1/6) D:10
    Orc (0/2) D:9

Altars:
Cheibriados
Fedhas
Gozag
Hepliaklqana
Qazlal
Sif Muna
Trog
Yredelemnul
Zin
The Shining One
Beogh

Shops:
D:6 [[   D:9 (?!:%

Annotations:
D:4 Menkaure; iopi's ghost, amateur MiGl
D:7 Frank's ghost, novice OpFi
D:11 Dirian's ghost, journeyman MiFi


Innate Abilities, Weirdness & Mutations

You reflexively headbutt those who attack you in melee.
You have a pair of horns on your head.


Message History

The white ugly thing misses you.
Unknown command.
You slash the white ugly thing!
The white ugly thing is severely wounded.
The white ugly thing pecks you!
* * * LOW HITPOINT WARNING * * *
The white ugly thing freezes you!!
* * * LOW HITPOINT WARNING * * *
Unknown command.
You feel much better.
The white ugly thing closely misses you.
You closely miss the white ugly thing.
The white ugly thing is severely wounded.
You block the white ugly thing's attack.
You slash the white ugly thing!
The white ugly thing is almost dead.
The white ugly thing pecks you.
* * * LOW HITPOINT WARNING * * *
The white ugly thing freezes you!!
You die...

#######
##@....##
##..u∩...##
##.........##
#.....∩.....#
#...........#
#..^........#
#.............#
#....8...8....#
#......[......#


You could see a white ugly thing.

Vanquished Creatures
  Josephine (D:10)
  Erolcha (D:9)
  3 two-headed ogres
  The ghost of iopi the Basher, a journeyman GrBe of Trog (D:10)
  A gargoyle (D:9)
  2 spiny frogs (Lair:1)
  2 rime drakes (Lair:1)
  4 blink frogs (Lair:1)
  5 yaks (D:10)
  Grum (D:9)
  3 wraiths
  2 hungry ghosts
  A porcupine (Lair:1)
  2 water moccasins
  Purgy (Sewer)
  3 orc warriors
  2 sky beasts
  7 ice beasts
  4 ogres
  5 wolves
  5 centaurs
  The ghost of pichaelthompson the Charmwright, an amateur OpSk (D:3)
  3 bullfrogs
  3 wyvern skeletons
  4 scorpions
  2 howler monkeys (D:9)
  A bullfrog zombie (D:6)
  2 centaur zombies
  6 crimson imps
  A quasit (D:8)
  3 orc priests
  3 centaur skeletons
  3 hounds
  A bullfrog skeleton (D:4)
  7 worker ants
  7 orc wizards
  A killer bee zombie (D:5)
  A hound zombie (D:8)
  2 hound skeletons
  A howler monkey skeleton (D:7)
  13 adders
  A river rat (D:6)
  4 shadow imps
  An adder skeleton (D:7)
  An adder zombie (D:7)
  7 worms
  3 dart slugs
  4 leopard geckos
  41 orcs
  14 giant cockroaches
  10 hobgoblins
  2 jackals (D:8)
  A quokka (D:10)
  5 ball pythons
  8 bats
  3 frilled lizards
  6 goblins
  10 kobolds
  2 leopard gecko skeletons
  7 rats
  A plant (D:3)
252 creatures vanquished.

Vanquished Creatures (others)
  An orc (D:10)
  A quokka (D:2)
  A rat (D:2)
3 creatures vanquished.

Grand Total: 255 creatures vanquished

Notes
Turn   | Place    | Note
-------+----------+-------------------------------------------
     0 | D:1      | equalderp2856 the Minotaur Fighter began the quest for the Orb.
     0 | D:1      | Reached XP level 1. HP: 19/19 MP: 0/0
   226 | D:1      | Reached XP level 2. HP: 15/27 MP: 1/1
   766 | D:2      | You fall through a shaft!
   883 | D:3      | Reached XP level 3. HP: 31/33 MP: 2/2
  1075 | D:3      | Noticed pichaelthompson's ghost (amateur OpSk)
  1086 | D:3      | Killed pichaelthompson's ghost
  1086 | D:3      | Reached skill level 3 in Axes
  1086 | D:3      | Reached XP level 4. HP: 32/40 MP: 3/3
  1332 | D:3      | Found a glowing golden altar of the Shining One.
  1570 | D:3      | Reached XP level 5. HP: 43/46 MP: 4/4
  1587 | D:3      | Reached skill level 4 in Axes
  2350 | D:2      | Reached skill level 5 in Shields
  2990 | D:4      | Reached skill level 1 in Dodging
  2990 | D:4      | Reached XP level 6. HP: 27/55 MP: 5/5
  3015 | D:4      | Reached skill level 5 in Fighting
  3159 | D:4      | Noticed Menkaure
  3169 | D:4      | HP: 2/56 [scorpion (4)]
  3469 | D:4      | Reached skill level 5 in Axes
  3992 | D:4      | Noticed iopi's ghost (amateur MiGl)
  4528 | D:5      | Entered Level 5 of the Dungeon
  4907 | D:5      | Reached skill level 5 in Armour
  4907 | D:5      | Reached XP level 7. HP: 41/61 MP: 6/6
  5025 | D:5      | Found an opulent altar of Gozag.
  5025 | D:5      | Found a deep blue altar of Sif Muna.
  5308 | D:5      | Reached skill level 6 in Axes
  6202 | D:6      | Found Owad Nai's Antique Armour Emporium.
  6214 | D:6      | Bought a runed cloak for 135 gold pieces
  6287 | D:6      | Found a basalt altar of Yredelemnul.
  6348 | D:6      | Found a blossoming altar of Fedhas.
  6378 | D:6      | Found Anweg's Armour Shoppe.
  6588 | D:6      | Found a glowing drain.
  6592 | Sewer    | Entered a sewer
  6673 | Sewer    | Noticed Purgy
  6708 | Sewer    | Killed Purgy
  6708 | Sewer    | Reached skill level 7 in Axes
  6964 | D:6      | Reached XP level 8. HP: 70/70 MP: 7/7
  7049 | D:6      | Found a staircase to the Ecumenical Temple.
  7368 | D:6      | Noticed a two-headed ogre
  7644 | D:7      | Reached skill level 8 in Axes
  7911 | D:7      | Noticed Frank's ghost (novice OpFi)
  8529 | D:7      | Found a hazy altar of Hepliaklqana.
  8747 | D:7      | Found a glowing silver altar of Zin.
  8864 | D:7      | Found a stormy altar of Qazlal.
  9273 | D:8      | Noticed a two-headed ogre
  9286 | D:8      | Reached XP level 9. HP: 78/78 MP: 8/8
  9321 | D:8      | Killed a two-headed ogre
  9321 | D:8      | Reached skill level 9 in Axes
  9321 | D:8      | Reached skill level 1 in Stealth
  9402 | D:8      | Found a bloodstained altar of Trog.
  9540 | D:9      | Noticed Grum
  9550 | D:9      | Killed Grum
  9554 | D:9      | Reached skill level 10 in Axes
  9718 | D:9      | Found a staircase to the Orcish Mines.
  9731 | D:9      | Found a snail-covered altar of Cheibriados.
  9757 | D:9      | Found Ibureceh's Magic Scroll Emporium.
  9787 | D:9      | Found Womany's Food Shop.
  9822 | D:9      | Noticed a two-headed ogre
  9838 | D:9      | Found Quodi's Distillery.
  9958 | D:7      | Learned a level 3 spell: Regeneration
 10069 | D:8      | Killed a two-headed ogre
 10069 | D:8      | Reached XP level 10. HP: 60/88 MP: 9/9
 10337 | D:9      | Reached skill level 11 in Axes
 10461 | D:9      | Found Boghin's Weapon Boutique.
 10498 | D:9      | Bought a potion of degeneration for 14 gold pieces
 10498 | D:9      | Bought a potion of curing for 42 gold pieces
 10498 | D:9      | Bought a potion of heal wounds for 70 gold pieces
 10584 | D:9      | Bought a scroll of identify for 26 gold pieces
 10584 | D:9      | Bought a scroll of identify for 26 gold pieces
 10584 | D:9      | Bought a scroll of identify for 26 gold pieces
 10584 | D:9      | Bought a scroll of identify for 26 gold pieces
 10596 | D:9      | Identified a scroll of acquirement
 10684 | D:9      | Found Ridejeit's Book Boutique.
 10693 | D:9      | Bought a book of Minor Magic for 260 gold pieces
 10718 | D:9      | Learned a level 2 spell: Blink
 10850 | D:9      | Noticed a gargoyle
 10872 | D:9      | Killed a gargoyle
 11124 | D:10     | Entered Level 10 of the Dungeon
 11145 | D:10     | Noticed a two-headed ogre
 11161 | D:10     | Killed a two-headed ogre
 11329 | D:10     | Noticed iopi's ghost (journeyman GrBe)
 11587 | D:10     | Noticed Josephine
 11602 | D:10     | Killed Josephine
 11602 | D:10     | Reached skill level 10 in Armour
 11951 | D:10     | Found a staircase to the Lair.
 12063 | D:10     | Reached skill level 12 in Axes
 12101 | D:10     | Reached skill level 10 in Shields
 12117 | D:10     | Reached XP level 11. HP: 51/97 MP: 10/10
 12309 | D:10     | Noticed Erolcha
 12310 | D:10     | Found a roughly hewn altar of Beogh.
 12559 | D:9      | Killed Erolcha
 12578 | D:10     | Killed iopi's ghost
 13234 | D:11     | Noticed Dirian's ghost (journeyman MiFi)
 13449 | Lair:1   | Entered Level 1 of the Lair of Beasts
 13484 | Lair:1   | Reached skill level 10 in Fighting
 13646 | Lair:1   | Found a frozen archway.
 13651 | Lair:1   | Reached skill level 13 in Axes
 13758 | IceCv    | Entered an ice cave
 13758 | IceCv    | Noticed a white ugly thing
 13781 | IceCv    | HP: 5/100 [white ugly thing (18)]
 13784 | IceCv    | Mangled by a white ugly thing

Skill      XL: |  1  2  3  4  5  6  7  8  9 10 11 |
---------------+----------------------------------+-----
Armour         | 4 5 6 7 8 10 11 | 11.2
Shields        | 4 5 6 7 8 10 11 | 11.0
Fighting       | 4 5 6 8 9 10 | 10.2
Axes           | 3 4 5 7 8 10 12 13 | 13.2
Dodging        | 1 |  1.6
Stealth        | 1 |  1.5
Evocations     | |  0.5

Action                   |  1- 3 |  4- 6 |  7- 9 | 10-12 || total
-------------------------+-------+-------+-------+-------++-------
Melee: War axe           |    60 |   209 |   295 |   418 ||   982
       Headbutt          |     5 |    38 |    53 |    91 ||   187
Evoke: Wand              |       |       |     3 |     3 ||     6
       Sack of spiders   |       |       |       |     2 ||     2
  Use: Scroll            |       |     3 |     4 |     7 ||    14
       Potion            |       |       |       |     7 ||     7
  Eat: Chunk             |       |    10 |    15 |    10 ||    35
       Fruit             |       |     2 |     2 |     5 ||     9
       Royal jelly       |       |       |     1 |     1 ||     2
Armor: Scale mail        |    24 |    22 |       |       ||    46
       Plate armour      |       |    88 |   212 |   142 ||   442
Dodge: Dodged            |    18 |    50 |    65 |    74 ||   207
Block: Shield            |    28 |    97 |   196 |   204 ||   525
